Staline vs Sasquatch
Created - December 3, 2017 at 00:12
Goals
|
| Staline |
0 |
0 |
2 |
1 |
3 |
| Sasquatch |
0 |
2 |
0 |
0 |
2 |
|
Shots
|
| Staline |
6 |
16 |
12 |
3 |
37 |
| Sasquatch |
7 |
10 |
16 |
3 |
36 |
|
1st period
No Goal
Penalties :
No Penalty
2nd period
1. Sasquatch , Stephane Da Costa 17 (Nick Leddy 22, Filip Forsberg 18) at 0:10
2. Sasquatch , Tyler Randell 3 (Filip Forsberg 19, Stephane Da Costa 15) at 6:11
Penalties :
Ryan Strome (Gat) for Hooking (Minor) at 3:32, Lars Eller (StJ) for Hooking (Minor) at 11:28, Nick Leddy (Gat) for Hooking (Minor) at 18:13
3rd period
3. Staline , Viktor Loov 1 (Philip Larsen 7, James Sheppard 6) at 1:56
4. Staline , Ondrej Palat 10 (Steven Goertzen 4, Lars Eller 17) at 9:08 (PP)
Penalties :
Steven Goertzen (StJ) for Tripping (Minor) at 2:04, Steven Goertzen (StJ) for Roughing (Minor) at 5:17, Ryan Strome (Gat) for Hooking (Minor) at 8:59, Stephane Da Costa (Gat) for Tripping (Minor) at 9:44, Jason Zucker (Gat) for Hooking (Minor) at 12:46
Overtime #1
5. Staline , Philip Larsen 2 (Peter Holland 2) at 2:38
Penalties :
No Penalty
Goalie Stats
Allen York (StJ), 34 saves from 36 shots - (0.944), W, 10-3-2, 62:38 minutes
Corey Crawford (Gat), 34 saves from 37 shots - (0.919), OTL, 10-7-1, 62:38 minutes
Players Stats for Staline
Player Name G A P +/- PIM S H SB GA TA FO MP PP MP PK MP
------------------------------------------------------------------------------------
Andrey Pedan 0 0 0 0 0 0 2 0 0 0 0/0 10:52 0:00 0:00
Barclay Goodrow 0 0 0 0 0 0 0 0 0 0 3/5 3:28 0:00 3:07
Brandon Burlon 0 0 0 -1 0 2 0 2 0 0 0/0 28:22 4:58 4:02
Bryan Bickell 0 0 0 -1 0 1 1 0 2 0 0/1 12:35 0:00 0:36
Charles Hudon 0 0 0 1 0 0 0 0 0 0 0/0 0:49 0:00 0:00
Corey Trivino 0 0 0 0 0 3 1 2 0 1 1/2 8:04 0:00 0:00
Danny Kristo 0 0 0 0 0 2 0 0 1 0 1/2 8:04 0:00 0:00
David Desharnais 0 0 0 0 0 2 2 0 1 0 3/7 16:35 3:29 0:27
James Sheppard 0 1 1 0 0 0 1 1 0 0 0/0 15:18 3:29 0:00
Jiri Sekac 0 0 0 0 0 2 1 0 0 0 0/0 8:04 0:00 0:00
Jordan Caron 0 0 0 -1 0 3 0 1 0 0 0/0 11:41 0:00 0:00
Lars Eller 0 1 1 0 2 4 1 0 1 0 14/32 22:19 4:36 2:33
Marek Zagrapan 0 0 0 -1 0 2 2 0 2 0 1/5 11:41 0:00 0:00
Mike Reilly 0 0 0 0 0 1 0 0 0 1 0/0 10:47 0:00 0:00
Nikita Nesterov 0 0 0 0 0 0 0 0 0 0 0/0 2:30 0:00 0:00
Ondrej Palat 1 0 1 0 0 2 3 1 0 0 1/2 20:16 4:36 2:04
Peter Holland 0 1 1 1 0 0 0 0 0 0 3/3 3:04 0:04 1:49
Philip Larsen 1 1 2 1 0 1 2 0 1 0 0/0 21:28 3:07 1:55
Steven Goertzen 0 1 1 0 4 4 2 0 0 0 3/4 20:56 4:36 1:07
Stu Bickel 0 0 0 -1 0 5 1 2 0 1 0/0 29:49 4:58 4:02
Tyler Pitlick 0 0 0 0 0 2 1 0 1 0 0/2 16:22 3:25 0:11
Viktor Loov 1 0 1 1 0 1 0 2 0 1 0/0 21:28 3:07 1:55
Players Stats for Sasquatch
Player Name G A P +/- PIM S H SB GA TA FO MP PP MP PK MP
------------------------------------------------------------------------------------
Brock Trotter 0 0 0 0 0 0 0 0 0 0 0/0 4:31 0:00 0:00
Danny DeKeiser 0 0 0 1 0 1 0 0 0 1 0/0 23:19 2:45 4:30
Drew Shore 0 0 0 0 0 3 2 0 0 0 16/30 22:27 3:38 4:26
Filip Forsberg 0 2 2 2 0 2 1 3 1 0 0/1 22:38 3:38 1:12
Garnet Hathaway 0 0 0 -1 0 3 2 0 1 0 0/0 15:24 0:00 4:23
Jason Zucker 0 0 0 0 2 0 5 0 1 0 0/0 17:10 2:19 1:24
Jonathan Blum 0 0 0 0 0 6 1 0 0 1 0/0 23:24 2:45 3:35
Nick Leddy 0 1 1 -1 2 4 2 2 0 1 0/0 24:08 3:12 0:00
Rickard Rakell 0 0 0 -2 0 4 2 0 0 0 1/6 11:24 0:00 0:15
Ryan Strome 0 0 0 0 4 0 0 1 0 0 0/0 15:05 2:19 0:00
Sergey Kalinin 0 0 0 0 0 0 1 0 0 0 2/2 8:00 0:00 2:15
Slava Voynov 0 0 0 0 0 1 0 1 0 1 0/0 11:38 0:00 0:00
Stephane Da Costa 1 1 2 2 2 5 2 0 1 0 15/24 20:11 2:19 0:00
Teemu Hartikainen 0 0 0 -2 0 2 4 1 0 1 0/1 14:03 0:00 2:15
Ty Rattie 0 0 0 0 0 0 2 1 0 0 0/0 9:09 3:38 0:00
Ty Wishart 0 0 0 0 0 0 0 1 0 1 0/0 15:13 0:00 3:35
Tyler Randell 1 0 1 2 0 2 3 0 0 0 1/1 17:08 0:00 0:00
Yann Sauvé 0 0 0 0 0 3 0 0 0 3 0/0 27:30 3:12 4:30
3 Stars
1 - Philip Larsen (StJ)
2 - Tyler Randell (Gat)
3 - Stephane Da Costa (Gat)
Power Play
Staline - 1 on 5 Attempt(s) - 20.00%
Sasquatch - 0 on 3 Attempt(s) - 0.00%
Penalty Kill
Staline - 3 on 3 Attempt(s) - 100.00%
- Score 0 goal in Penalty Kill
Sasquatch - 4 on 5 Attempt(s) - 80.00%
- Score 0 goal in Penalty Kill
Team Stat
Staline - Hits : 20 - Faceoff Wins : 30 - Blocked Shots : 11 - Penalty Minutes : 6
Sasquatch - Hits : 27 - Faceoff Wins : 35 - Blocked Shots : 10 - Penalty Minutes : 10
Official
Referees : Fraser Kerry and Walsh Ian
Linesman : Pierre Racicot and Steve Miller
Game Notes
Brock Trotter is injured at 1:17 of 2nd period (Strained Left Elbow)
Finance
Level 1 -- Attendance: 1606 (80.30%) -- Ticket Income $64,240
Level 2 -- Attendance: 682 (68.20%) -- Ticket Income $13,640
Total Attendance: 2288 (76.27%)
Total Ticket Income: $77,880
Other Income: $3,894
Total Income: $81,774
Staline
5 vs 5 Forward
Center Left Wing Right Wing Time % Phy DF OF
1 Lars Eller Ondrej Palat Steven Goertzen 40 1 2 2
2 David Desharnais James Sheppard Tyler Pitlick 30 1 2 2
3 Marek Zagrapan Bryan Bickell Jordan Caron 20 1 2 2
4 Corey Trivino Jiri Sekac Danny Kristo 10 1 2 2
5 vs 5 Defense
Defense Defense Time % Phy DF OF
1 Stu Bickel Brandon Burlon 40 1 2 2
2 Philip Larsen Viktor Loov 30 1 2 2
3 Mike Reilly Andrey Pedan 20 1 2 2
4 Nikita Nesterov Stu Bickel 10 1 2 2
PowerPlay Forward
Center Left Wing Right Wing Time % Phy DF OF
1 Lars Eller Ondrej Palat Steven Goertzen 60 1 2 2
2 David Desharnais James Sheppard Tyler Pitlick 40 1 2 2
PowerPlay Defense
Defense Defense Time % Phy DF OF
1 Stu Bickel Brandon Burlon 60 1 2 2
2 Philip Larsen Viktor Loov 40 1 2 2
Penalty Kill 4 Players Forward
Center Wing Time % Phy DF OF
1 Steven Goertzen Lars Eller 60 1 2 2
2 David Desharnais Tyler Pitlick 40 1 2 2
Penalty Kill 4 Players Defense
Defense Defense Time % Phy DF OF
1 Stu Bickel Brandon Burlon 60 1 2 2
2 Philip Larsen Viktor Loov 40 1 2 2
Penalty Kill - 3 Players Forward
Forward Time % Phy DF OF
1 Steven Goertzen 60 1 2 2
2 Lars Eller 40 1 2 2
Penalty Kill - 3 Players Defense
Defense Defense Time % Phy DF OF
1 Stu Bickel Brandon Burlon 60 1 2 2
2 Philip Larsen Viktor Loov 40 1 2 2
4 vs 4 Forward
Center Wing Time % Phy DF OF
1 Steven Goertzen Lars Eller 60 1 2 2
2 David Desharnais Tyler Pitlick 40 1 2 2
4 vs 4 Defense
Defense Defense Time % Phy DF OF
1 Stu Bickel Brandon Burlon 60 1 2 2
2 Philip Larsen Viktor Loov 40 1 2 2
Last Minutes Offensive
Center Left Wing Right Wing Defense Defense
Lars Eller Ondrej Palat Steven Goertzen Stu Bickel Brandon Burlon
Last Minutes Defensive
Center Left Wing Right Wing Defense Defense
Lars Eller Ondrej Palat Steven Goertzen Stu Bickel Brandon Burlon
Goaltenders
Starting : Allen York
Backup : Joni Ortio
Extra Forwards
Normal : Peter Holland, Charles Hudon, Barclay Goodrow - PP : Peter Holland, Charles Hudon - PK : Barclay Goodrow
Extra Defensemen
Normal : Mike Reilly, Andrey Pedan, Nikita Nesterov - PP : Mike Reilly - PK : Andrey Pedan, Nikita Nesterov
Penalty Shots
Steven Goertzen, Lars Eller, David Desharnais, Tyler Pitlick, Ondrej Palat
Scratches
Dustin Kohn (Suspend), David Musil (Left Foot Injury), Malcolm Subban (Healthy), Sean Maguire (Healthy)
Sasquatch
5 vs 5 Forward
Center Left Wing Right Wing Time % Phy DF OF
1 Stephane Da Costa Filip Forsberg Tyler Randell 40 1 2 2
2 Drew Shore Jason Zucker Ryan Strome 30 1 2 2
3 Rickard Rakell Brock Trotter Garnet Hathaway 20 1 2 2
4 Sergey Kalinin Teemu Hartikainen Ty Rattie 10 1 2 2
5 vs 5 Defense
Defense Defense Time % Phy DF OF
1 Yann Sauvé Nick Leddy 40 1 2 2
2 Danny DeKeiser Jonathan Blum 30 1 2 2
3 Ty Wishart Slava Voynov 20 1 2 2
4 Jonathan Blum Nick Leddy 10 1 2 2
PowerPlay Forward
Center Left Wing Right Wing Time % Phy DF OF
1 Drew Shore Filip Forsberg Ty Rattie 60 1 2 2
2 Stephane Da Costa Jason Zucker Ryan Strome 40 1 2 2
PowerPlay Defense
Defense Defense Time % Phy DF OF
1 Nick Leddy Yann Sauvé 60 1 2 2
2 Danny DeKeiser Jonathan Blum 40 1 2 2
Penalty Kill 4 Players Forward
Center Wing Time % Phy DF OF
1 Drew Shore Garnet Hathaway 60 1 2 2
2 Sergey Kalinin Teemu Hartikainen 40 1 2 2
Penalty Kill 4 Players Defense
Defense Defense Time % Phy DF OF
1 Yann Sauvé Danny DeKeiser 60 1 2 2
2 Ty Wishart Jonathan Blum 40 1 2 2
Penalty Kill - 3 Players Forward
Forward Time % Phy DF OF
1 Drew Shore 60 1 2 2
2 Rickard Rakell 40 1 2 2
Penalty Kill - 3 Players Defense
Defense Defense Time % Phy DF OF
1 Danny DeKeiser Yann Sauvé 60 1 2 2
2 Jonathan Blum Ty Wishart 40 1 2 2
4 vs 4 Forward
Center Wing Time % Phy DF OF
1 Drew Shore Filip Forsberg 60 1 2 2
2 Stephane Da Costa Tyler Randell 40 1 2 2
4 vs 4 Defense
Defense Defense Time % Phy DF OF
1 Danny DeKeiser Yann Sauvé 60 1 2 2
2 Nick Leddy Jonathan Blum 40 1 2 2
Last Minutes Offensive
Center Left Wing Right Wing Defense Defense
Stephane Da Costa Filip Forsberg Tyler Randell Nick Leddy Jonathan Blum
Last Minutes Defensive
Center Left Wing Right Wing Defense Defense
Drew Shore Teemu Hartikainen Garnet Hathaway Yann Sauvé Danny DeKeiser
Goaltenders
Starting : Corey Crawford
Backup : Joonas Korpisalo
Extra Forwards
Normal : Rickard Rakell, Teemu Hartikainen, Stephane Da Costa - PP : Jason Zucker, Rickard Rakell - PK : Filip Forsberg
Extra Defensemen
Normal : Jonathan Blum, Slava Voynov, Yann Sauvé - PP : Yann Sauvé - PK : Slava Voynov, Ty Wishart
Penalty Shots
Ryan Strome, Ty Rattie, Jason Zucker, Tyler Randell, Filip Forsberg
Scratches
Andy Andreoff (Healthy), T.J. Tynan (Healthy), Jason Akeson (Healthy), Joey Laleggia (Healthy), Greg Pateryn (Lacerated Left Calf Injury)
Jack Campbell (Healthy)
% Time on Ice - Staline
Lines # - Real PCT - Wanted PCT - Time Play
Normal Forward
1 - 31% - 40% - 14:15
2 - 26% - 30% - 11:58
3 - 25% - 20% - 11:41
4 - 18% - 10% - 8:04
Normal Defense
1 - 39% - 40% - 17:51
2 - 33% - 30% - 15:19
3 - 22% - 20% - 10:18
4 - 5% - 10% - 2:30
PP Forward
1 - 57% - 60% - 4:36
2 - 43% - 40% - 3:29
PP Defense
1 - 61% - 60% - 4:58
2 - 39% - 40% - 3:07
PK Forward
1 - 97% - 60% - 5:46
2 - 3% - 40% - 0:11
PK Defense
1 - 68% - 60% - 4:02
2 - 32% - 40% - 1:55
PK3 Forward
1 - 0% - 60%
2 - 0% - 40%
PK3 Defense
1 - 0% - 60%
2 - 0% - 40%
44 Forward
1 - 74% - 60% - 1:57
2 - 26% - 40% - 0:41
44 Defense
1 - 58% - 60% - 1:31
2 - 42% - 40% - 1:07
Last Minute Offensive - 0:00
Last Minute Defensive - 0:00
Total
Forward - 62:38
Defense - 62:38
|
% Time on Ice - Sasquatch
Lines # - Real PCT - Wanted PCT - Time Play
Normal Forward
1 - 37% - 40% - 17:12
2 - 28% - 30% - 12:48
3 - 22% - 20% - 10:19
4 - 12% - 10% - 5:39
Normal Defense
1 - 38% - 40% - 17:35
2 - 26% - 30% - 11:51
3 - 25% - 20% - 11:38
4 - 11% - 10% - 4:54
PP Forward
1 - 61% - 60% - 3:38
2 - 39% - 40% - 2:19
PP Defense
1 - 54% - 60% - 3:12
2 - 46% - 40% - 2:45
PK Forward
1 - 72% - 60% - 5:50
2 - 28% - 40% - 2:15
PK Defense
1 - 56% - 60% - 4:30
2 - 44% - 40% - 3:35
PK3 Forward
1 - 0% - 60%
2 - 0% - 40%
PK3 Defense
1 - 0% - 60%
2 - 0% - 40%
44 Forward
1 - 82% - 60% - 2:09
2 - 18% - 40% - 0:29
44 Defense
1 - 65% - 60% - 1:42
2 - 35% - 40% - 0:56
Last Minute Offensive - 0:00
Last Minute Defensive - 0:00
Total
Forward - 62:38
Defense - 62:38
|
Play by Play
1st period
0:01 of 1st period - Stephane Da Costa wins face-off versus Lars Eller in neutral zone.
0:10 of 1st period - Snap shot by Nick Leddy.
0:10 of 1st period - Stopped by Allen York without a rebound.
0:11 of 1st period - Drew Shore wins face-off versus Tyler Pitlick in Staline zone.
0:18 of 1st period - Snap shot by Jason Zucker.
0:18 of 1st period - Shot Misses the Net.
0:20 of 1st period - Slapshot by Jonathan Blum.
0:20 of 1st period - Stopped by Allen York with a rebound.
0:22 of 1st period - Snap shot by Danny DeKeiser.
0:22 of 1st period - Shot Hit the Post.
0:24 of 1st period - Backhand shot by Danny DeKeiser.
0:24 of 1st period - Shot Blocked by Viktor Loov.
0:26 of 1st period - Wrist shot by Ryan Strome.
0:26 of 1st period - Shot Misses the Net.
0:36 of 1st period - Tyler Pitlick is hit by Ty Rattie and loses puck.
0:47 of 1st period - Snap shot by Teemu Hartikainen.
0:47 of 1st period - Stopped by Allen York without a rebound.
0:48 of 1st period - Stephane Da Costa wins face-off versus Marek Zagrapan in Staline zone.
1:01 of 1st period - Stephane Da Costa is hit by Andrey Pedan.
1:34 of 1st period - Snap shot by Corey Trivino.
1:34 of 1st period - Stopped by Corey Crawford without a rebound.
1:35 of 1st period - Drew Shore wins face-off versus Danny Kristo in Sasquatch zone.
2:00 of 1st period - Jason Zucker is hit by Stu Bickel and loses puck.
2:19 of 1st period - Snap shot by Drew Shore.
2:19 of 1st period - Shot Blocked by Brandon Burlon.
2:22 of 1st period - Icing by Brandon Burlon.
2:23 of 1st period - Stephane Da Costa wins face-off versus Marek Zagrapan in Staline zone.
2:34 of 1st period - Wrist shot by Nick Leddy.
2:34 of 1st period - Stopped by Allen York without a rebound.
2:35 of 1st period - Stephane Da Costa wins face-off versus Lars Eller in Staline zone.
3:40 of 1st period - Snap shot by Nick Leddy.
3:40 of 1st period - Shot Misses the Net.
4:54 of 1st period - Snap shot by Brock Trotter.
4:54 of 1st period - Shot Misses the Net.
5:00 of 1st period - Danny DeKeiser is hit by Ondrej Palat and loses puck.
5:35 of 1st period - Slava Voynov is hit by James Sheppard and loses puck.
5:48 of 1st period - Slapshot by David Desharnais.
5:48 of 1st period - Shot Blocked by Ryan Strome.
5:50 of 1st period - Slapshot by Tyler Pitlick.
5:50 of 1st period - Stopped by Corey Crawford with a rebound.
6:28 of 1st period - Snap shot by Tyler Pitlick.
6:28 of 1st period - Stopped by Corey Crawford without a rebound.
6:29 of 1st period - Lars Eller wins face-off versus Stephane Da Costa in Sasquatch zone.
6:54 of 1st period - Bryan Bickell is hit by Garnet Hathaway and loses puck.
7:03 of 1st period - Snap shot by Garnet Hathaway.
7:03 of 1st period - Shot Misses the Net.
7:05 of 1st period - Snap shot by Rickard Rakell.
7:05 of 1st period - Shot Misses the Net.
7:14 of 1st period - Off-side.
7:15 of 1st period - Sergey Kalinin wins face-off versus Corey Trivino in neutral zone.
7:20 of 1st period - Slapshot by Nick Leddy.
7:20 of 1st period - Shot Blocked by Corey Trivino.
7:51 of 1st period - Lars Eller is hit by Tyler Randell and loses puck.
8:25 of 1st period - Andrey Pedan is hit by Jonathan Blum.
8:45 of 1st period - Snap shot by Stephane Da Costa.
8:45 of 1st period - Stopped by Allen York with a rebound.
8:47 of 1st period - Slapshot by Jonathan Blum.
8:47 of 1st period - Stopped by Allen York without a rebound.
8:48 of 1st period - Stephane Da Costa wins face-off versus David Desharnais in Staline zone.
9:22 of 1st period - Snap shot by Lars Eller.
9:22 of 1st period - Stopped by Corey Crawford with a rebound.
9:52 of 1st period - Wrist shot by David Desharnais.
9:52 of 1st period - Stopped by Corey Crawford with a rebound.
9:54 of 1st period - Wrist shot by Tyler Pitlick.
9:54 of 1st period - Shot Misses the Net.
10:02 of 1st period - Slapshot by James Sheppard.
10:02 of 1st period - Shot Misses the Net.
10:39 of 1st period - Icing by Philip Larsen.
10:40 of 1st period - Tyler Randell wins face-off versus Lars Eller in Staline zone.
11:09 of 1st period - Wrist shot by Lars Eller.
11:09 of 1st period - Shot Misses the Net.
12:28 of 1st period - Garnet Hathaway is hit by Jiri Sekac.
12:42 of 1st period - Sergey Kalinin is hit by Tyler Pitlick and loses puck.
12:59 of 1st period - Snap shot by Stephane Da Costa.
12:59 of 1st period - Shot Misses the Net.
13:01 of 1st period - Slapshot by Yann Sauvé.
13:01 of 1st period - Stopped by Allen York with a rebound.
13:35 of 1st period - Ryan Strome is hit by Corey Trivino and loses puck.
14:00 of 1st period - Snap shot by Jiri Sekac.
14:00 of 1st period - Shot Misses the Net.
15:17 of 1st period - Snap shot by Danny Kristo.
15:17 of 1st period - Stopped by Corey Crawford without a rebound.
15:18 of 1st period - Lars Eller wins face-off versus Stephane Da Costa in Sasquatch zone.
15:19 of 1st period - Wrist shot by Ondrej Palat.
15:19 of 1st period - Shot Misses the Net.
15:27 of 1st period - Snap shot by Stephane Da Costa.
15:27 of 1st period - Shot Misses the Net.
15:29 of 1st period - Wrist shot by Stephane Da Costa.
15:29 of 1st period - Shot Misses the Net.
16:22 of 1st period - Lars Eller is hit by Stephane Da Costa.
19:00 of 1st period - Mike Reilly is hit by Teemu Hartikainen and loses puck.
19:15 of 1st period - Rickard Rakell is hit by Andrey Pedan and loses puck.
Goals for this period are 0 for Staline vs 0 for Sasquatch.
Shots for this period are 6 for Staline vs 7 for Sasquatch.
2nd period
0:01 of 2nd period - Stephane Da Costa wins face-off versus Lars Eller in neutral zone.
0:10 of 2nd period - Slapshot by Stephane Da Costa.
0:10 of 2nd period - Goal by Stephane Da Costa - Staline : 0 - Sasquatch : 1.
0:11 of 2nd period - Lars Eller wins face-off versus Stephane Da Costa in neutral zone.
0:14 of 2nd period - Snap shot by Steven Goertzen.
0:14 of 2nd period - Shot Misses the Net.
0:16 of 2nd period - Slapshot by Brandon Burlon.
0:16 of 2nd period - Stopped by Corey Crawford with a rebound.
0:18 of 2nd period - Wrist shot by Steven Goertzen.
0:18 of 2nd period - Shot Misses the Net.
0:20 of 2nd period - Wrist shot by Steven Goertzen.
0:20 of 2nd period - Shot Misses the Net.
0:22 of 2nd period - Snap shot by Steven Goertzen.
0:22 of 2nd period - Stopped by Corey Crawford with a rebound.
0:24 of 2nd period - Slapshot by Stu Bickel.
0:24 of 2nd period - Shot Blocked by Filip Forsberg.
0:26 of 2nd period - Slapshot by Stu Bickel.
0:26 of 2nd period - Stopped by Corey Crawford without a rebound.
0:27 of 2nd period - Drew Shore wins face-off versus Tyler Pitlick in Sasquatch zone.
0:27 of 2nd period - Drew Shore is hit by David Desharnais.
0:53 of 2nd period - Lars Eller is hit by Nick Leddy.
1:16 of 2nd period - Brock Trotter is hit by Marek Zagrapan and loses puck.
1:17 of 2nd period - Brock Trotter from Sasquatch is injured at 1:17 of 2nd period (Strained Left Elbow).
1:18 of 2nd period - Stephane Da Costa wins face-off versus Lars Eller in Sasquatch zone.
2:08 of 2nd period - Slapshot by Marek Zagrapan.
2:08 of 2nd period - Deflect By Jordan Caron.
2:08 of 2nd period - Stopped by Corey Crawford with a rebound.
2:10 of 2nd period - Slapshot by Brandon Burlon.
2:10 of 2nd period - Stopped by Corey Crawford without a rebound.
2:11 of 2nd period - Stephane Da Costa wins face-off versus Marek Zagrapan in Sasquatch zone.
2:26 of 2nd period - Wrist shot by Marek Zagrapan.
2:26 of 2nd period - Shot Blocked by Nick Leddy.
2:48 of 2nd period - Snap shot by Filip Forsberg.
2:48 of 2nd period - Shot Misses the Net.
3:09 of 2nd period - Wrist shot by Bryan Bickell.
3:09 of 2nd period - Shot Misses the Net.
3:11 of 2nd period - Wrist shot by Bryan Bickell.
3:11 of 2nd period - Stopped by Corey Crawford with a rebound.
3:13 of 2nd period - Snap shot by Bryan Bickell.
3:13 of 2nd period - Shot Blocked by Filip Forsberg.
3:15 of 2nd period - Slapshot by Mike Reilly.
3:15 of 2nd period - Deflect By Tyler Randell.
3:15 of 2nd period - Stopped by Corey Crawford with a rebound.
3:17 of 2nd period - Wrist shot by Marek Zagrapan.
3:17 of 2nd period - Stopped by Corey Crawford with a rebound.
3:25 of 2nd period - Wrist shot by Marek Zagrapan.
3:25 of 2nd period - Shot Misses the Net.
3:27 of 2nd period - Wrist shot by Marek Zagrapan.
3:27 of 2nd period - Deflect By Stephane Da Costa.
3:27 of 2nd period - Shot Hit the Post.
3:27 of 2nd period - Puck is out of play.
3:28 of 2nd period - Lars Eller wins face-off versus Drew Shore in Sasquatch zone.
3:32 of 2nd period - Minor Penalty to Ryan Strome for Hooking.
3:33 of 2nd period - Lars Eller wins face-off versus Drew Shore in Sasquatch zone.
5:32 of 2nd period - Penalty to Ryan Strome is over, Ryan Strome is back on ice.
5:46 of 2nd period - Wrist shot by Bryan Bickell.
5:46 of 2nd period - Shot Blocked by Filip Forsberg.
5:56 of 2nd period - Yann Sauvé is hit by Marek Zagrapan and loses puck.
6:09 of 2nd period - Slapshot by Filip Forsberg.
6:09 of 2nd period - Stopped by Allen York with a rebound.
6:11 of 2nd period - Snap shot by Tyler Randell.
6:11 of 2nd period - Goal by Tyler Randell - Staline : 0 - Sasquatch : 2.
6:12 of 2nd period - Drew Shore wins face-off versus Lars Eller in neutral zone.
6:17 of 2nd period - Wrist shot by Drew Shore.
6:17 of 2nd period - Stopped by Allen York without a rebound.
6:18 of 2nd period - Lars Eller wins face-off versus Drew Shore in Staline zone.
6:25 of 2nd period - Slapshot by Stu Bickel.
6:25 of 2nd period - Stopped by Corey Crawford without a rebound.
6:26 of 2nd period - Stephane Da Costa wins face-off versus Lars Eller in Sasquatch zone.
6:41 of 2nd period - Wrist shot by Filip Forsberg.
6:41 of 2nd period - Shot Misses the Net.
7:07 of 2nd period - Brandon Burlon is hit by Jason Zucker and loses puck.
7:18 of 2nd period - Jordan Caron is hit by Rickard Rakell.
7:22 of 2nd period - Ty Wishart is hit by Bryan Bickell and loses puck.
7:27 of 2nd period - Snap shot by Jordan Caron.
7:27 of 2nd period - Shot Blocked by Ty Wishart.
7:29 of 2nd period - Snap shot by Jordan Caron.
7:29 of 2nd period - Stopped by Corey Crawford with a rebound.
8:07 of 2nd period - Wrist shot by Lars Eller.
8:07 of 2nd period - Stopped by Corey Crawford without a rebound.
8:08 of 2nd period - Drew Shore wins face-off versus Ondrej Palat in Sasquatch zone.
8:13 of 2nd period - Slapshot by Nick Leddy.
8:13 of 2nd period - Deflect By Steven Goertzen.
8:13 of 2nd period - Stopped by Allen York without a rebound.
8:14 of 2nd period - Drew Shore wins face-off versus Lars Eller in Staline zone.
8:25 of 2nd period - Mike Reilly is hit by Nick Leddy.
9:23 of 2nd period - Wrist shot by Lars Eller.
9:23 of 2nd period - Stopped by Corey Crawford without a rebound.
9:24 of 2nd period - Lars Eller wins face-off versus Drew Shore in Sasquatch zone.
9:27 of 2nd period - Slapshot by Steven Goertzen.
9:27 of 2nd period - Stopped by Corey Crawford without a rebound.
9:28 of 2nd period - Stephane Da Costa wins face-off versus Lars Eller in Sasquatch zone.
9:37 of 2nd period - Backhand shot by Stephane Da Costa.
9:37 of 2nd period - Shot Blocked by Ondrej Palat.
9:57 of 2nd period - Drew Shore is hit by Philip Larsen and loses puck.
10:12 of 2nd period - Jordan Caron is hit by Teemu Hartikainen and loses puck.
10:29 of 2nd period - Slapshot by Filip Forsberg.
10:29 of 2nd period - Shot Blocked by Viktor Loov.
10:33 of 2nd period - Slapshot by Stephane Da Costa.
10:33 of 2nd period - Shot Blocked by Corey Trivino.
11:25 of 2nd period - Wrist shot by Garnet Hathaway.
11:25 of 2nd period - Stopped by Allen York without a rebound.
11:26 of 2nd period - Lars Eller wins face-off versus Rickard Rakell in Staline zone.
11:28 of 2nd period - Minor Penalty to Lars Eller for Hooking.
11:29 of 2nd period - Steven Goertzen wins face-off versus Filip Forsberg in Staline zone.
11:29 of 2nd period - Steven Goertzen is hit by Filip Forsberg.
11:38 of 2nd period - Slapshot by Stu Bickel.
11:38 of 2nd period - Shot Blocked by Nick Leddy.
11:40 of 2nd period - Slapshot by Stu Bickel.
11:40 of 2nd period - Stopped by Corey Crawford with a rebound.
11:56 of 2nd period - Steven Goertzen is hit by Jason Zucker and loses puck.
12:28 of 2nd period - Icing by Jonathan Blum.
12:29 of 2nd period - Peter Holland wins face-off versus Drew Shore in Sasquatch zone.
13:28 of 2nd period - Penalty to Lars Eller is over, Lars Eller is back on ice.
13:39 of 2nd period - David Desharnais is hit by Teemu Hartikainen.
13:59 of 2nd period - Slapshot by Danny DeKeiser.
13:59 of 2nd period - Stopped by Allen York with a rebound.
14:18 of 2nd period - Icing by Corey Trivino.
14:19 of 2nd period - Marek Zagrapan wins face-off versus Stephane Da Costa in Staline zone.
14:33 of 2nd period - Icing by Bryan Bickell.
14:34 of 2nd period - Drew Shore wins face-off versus Marek Zagrapan in Staline zone.
14:45 of 2nd period - Slapshot by Drew Shore.
14:45 of 2nd period - Shot Blocked by Jordan Caron.
15:01 of 2nd period - Bryan Bickell is hit by Rickard Rakell and loses puck.
16:18 of 2nd period - Backhand shot by Danny Kristo.
16:18 of 2nd period - Shot Misses the Net.
16:20 of 2nd period - Slapshot by Stu Bickel.
16:20 of 2nd period - Shot Misses the Net.
16:22 of 2nd period - Snap shot by Corey Trivino.
16:22 of 2nd period - Stopped by Corey Crawford with a rebound.
16:24 of 2nd period - Slapshot by Brandon Burlon.
16:24 of 2nd period - Shot Blocked by Slava Voynov.
16:26 of 2nd period - Snap shot by Danny Kristo.
16:26 of 2nd period - Stopped by Corey Crawford without a rebound.
16:27 of 2nd period - Drew Shore wins face-off versus Lars Eller in Sasquatch zone.
17:37 of 2nd period - Slapshot by Jonathan Blum.
17:37 of 2nd period - Stopped by Allen York without a rebound.
17:38 of 2nd period - Corey Trivino wins face-off versus Stephane Da Costa in Staline zone.
17:38 of 2nd period - Corey Trivino is hit by Tyler Randell.
17:48 of 2nd period - Snap shot by Corey Trivino.
17:48 of 2nd period - Deflect By Jiri Sekac.
17:48 of 2nd period - Shot Hit the Post.
17:48 of 2nd period - Puck is out of play.
17:49 of 2nd period - Lars Eller wins face-off versus Stephane Da Costa in Sasquatch zone.
18:03 of 2nd period - Slapshot by Yann Sauvé.
18:03 of 2nd period - Stopped by Allen York without a rebound.
18:04 of 2nd period - David Desharnais wins face-off versus Drew Shore in Staline zone.
18:04 of 2nd period - David Desharnais is hit by Drew Shore.
18:13 of 2nd period - Minor Penalty to Nick Leddy for Hooking.
18:14 of 2nd period - Drew Shore wins face-off versus Lars Eller in Sasquatch zone.
19:44 of 2nd period - Snap shot by Teemu Hartikainen.
19:44 of 2nd period - Stopped by Allen York without a rebound.
19:45 of 2nd period - Drew Shore wins face-off versus David Desharnais in Staline zone.
Goals for this period are 0 for Staline vs 2 for Sasquatch.
Shots for this period are 16 for Staline vs 10 for Sasquatch.
3rd period
0:01 of 3rd period - Drew Shore wins face-off versus Lars Eller in neutral zone.
0:08 of 3rd period - Ondrej Palat is hit by Garnet Hathaway and loses puck.
0:13 of 3rd period - Penalty to Nick Leddy is over, Nick Leddy is back on ice.
0:33 of 3rd period - Snap shot by David Desharnais.
0:33 of 3rd period - Stopped by Corey Crawford with a rebound.
0:59 of 3rd period - Slapshot by Jiri Sekac.
0:59 of 3rd period - Stopped by Corey Crawford without a rebound.
1:00 of 3rd period - Stephane Da Costa wins face-off versus Lars Eller in Sasquatch zone.
1:00 of 3rd period - Stephane Da Costa is hit by Steven Goertzen.
1:16 of 3rd period - Ty Wishart is hit by Ondrej Palat and loses puck.
1:27 of 3rd period - Stu Bickel is hit by Drew Shore.
1:37 of 3rd period - Viktor Loov is hit by Jason Zucker and loses puck.
1:47 of 3rd period - Icing by Philip Larsen.
1:48 of 3rd period - David Desharnais wins face-off versus Rickard Rakell in Staline zone.
1:56 of 3rd period - Slapshot by Viktor Loov.
1:56 of 3rd period - Goal by Viktor Loov - Staline : 1 - Sasquatch : 2.
1:57 of 3rd period - Stephane Da Costa wins face-off versus Lars Eller in neutral zone.
2:02 of 3rd period - Snap shot by Nick Leddy.
2:02 of 3rd period - Deflect By Lars Eller.
2:02 of 3rd period - Stopped by Allen York with a rebound.
2:04 of 3rd period - Minor Penalty to Steven Goertzen for Tripping.
2:05 of 3rd period - Drew Shore wins face-off versus Barclay Goodrow in Staline zone.
2:06 of 3rd period - Slapshot by Yann Sauvé.
2:06 of 3rd period - Stopped by Allen York without a rebound.
2:07 of 3rd period - Barclay Goodrow wins face-off versus Drew Shore in Staline zone.
3:31 of 3rd period - Yann Sauvé is hit by Ondrej Palat and loses puck.
4:04 of 3rd period - Penalty to Steven Goertzen is over, Steven Goertzen is back on ice.
4:34 of 3rd period - Wrist shot by Bryan Bickell.
4:34 of 3rd period - Shot Blocked by Teemu Hartikainen.
4:36 of 3rd period - Snap shot by Marek Zagrapan.
4:36 of 3rd period - Stopped by Corey Crawford with a rebound.
4:56 of 3rd period - Snap shot by Rickard Rakell.
4:56 of 3rd period - Shot Misses the Net.
5:00 of 3rd period - Snap shot by Rickard Rakell.
5:00 of 3rd period - Stopped by Allen York with a rebound.
5:02 of 3rd period - Slapshot by Jonathan Blum.
5:02 of 3rd period - Stopped by Allen York with a rebound.
5:04 of 3rd period - Slapshot by Jonathan Blum.
5:04 of 3rd period - Shot Misses the Net.
5:06 of 3rd period - Snap shot by Rickard Rakell.
5:06 of 3rd period - Stopped by Allen York with a rebound.
5:12 of 3rd period - Snap shot by Rickard Rakell.
5:12 of 3rd period - Shot Misses the Net.
5:14 of 3rd period - Wrist shot by Rickard Rakell.
5:14 of 3rd period - Stopped by Allen York without a rebound.
5:15 of 3rd period - Lars Eller wins face-off versus Stephane Da Costa in Staline zone.
5:17 of 3rd period - Minor Penalty to Steven Goertzen for Roughing.
5:18 of 3rd period - Lars Eller wins face-off versus Drew Shore in Staline zone.
5:24 of 3rd period - Snap shot by Filip Forsberg.
5:24 of 3rd period - Shot Misses the Net.
5:26 of 3rd period - Snap shot by Ty Rattie.
5:26 of 3rd period - Deflect By Drew Shore.
5:26 of 3rd period - Shot Misses the Net.
5:26 of 3rd period - Puck is out of play.
5:27 of 3rd period - Barclay Goodrow wins face-off versus Drew Shore in Staline zone.
5:27 of 3rd period - Barclay Goodrow is hit by Ty Rattie.
5:43 of 3rd period - Snap shot by Nick Leddy.
5:43 of 3rd period - Shot Misses the Net.
5:45 of 3rd period - Slapshot by Nick Leddy.
5:45 of 3rd period - Deflect By Ty Rattie.
5:45 of 3rd period - Shot Hit the Post.
5:45 of 3rd period - Puck is out of play.
5:46 of 3rd period - Stephane Da Costa wins face-off versus Barclay Goodrow in Staline zone.
5:47 of 3rd period - Snap shot by Jason Zucker.
5:47 of 3rd period - Shot Misses the Net.
5:49 of 3rd period - Snap shot by Jason Zucker.
5:49 of 3rd period - Deflect By Ryan Strome.
5:49 of 3rd period - Shot Blocked by Brandon Burlon.
5:49 of 3rd period - Puck is out of play.
5:50 of 3rd period - Barclay Goodrow wins face-off versus Stephane Da Costa in Staline zone.
6:17 of 3rd period - Wrist shot by Drew Shore.
6:17 of 3rd period - Stopped by Allen York without a rebound.
6:18 of 3rd period - Peter Holland wins face-off versus Drew Shore in Staline zone.
7:17 of 3rd period - Penalty to Steven Goertzen is over, Steven Goertzen is back on ice.
7:17 of 3rd period - Snap shot by Filip Forsberg.
7:17 of 3rd period - Stopped by Allen York with a rebound.
7:19 of 3rd period - Backhand shot by Jonathan Blum.
7:19 of 3rd period - Shot Blocked by Stu Bickel.
7:21 of 3rd period - Slapshot by Danny DeKeiser.
7:21 of 3rd period - Shot Blocked by Stu Bickel.
7:23 of 3rd period - Slapshot by Danny DeKeiser.
7:23 of 3rd period - Shot Misses the Net.
7:25 of 3rd period - Snap shot by Drew Shore.
7:25 of 3rd period - Stopped by Allen York without a rebound.
7:26 of 3rd period - David Desharnais wins face-off versus Rickard Rakell in Staline zone.
7:51 of 3rd period - Viktor Loov is hit by Jason Zucker and loses puck.
8:30 of 3rd period - Wrist shot by Jordan Caron.
8:30 of 3rd period - Stopped by Corey Crawford with a rebound.
8:32 of 3rd period - Snap shot by Bryan Bickell.
8:32 of 3rd period - Shot Misses the Net.
8:34 of 3rd period - Backhand shot by Jordan Caron.
8:34 of 3rd period - Shot Misses the Net.
8:54 of 3rd period - Snap shot by Corey Trivino.
8:54 of 3rd period - Stopped by Corey Crawford with a rebound.
8:59 of 3rd period - Minor Penalty to Ryan Strome for Hooking.
9:00 of 3rd period - Ondrej Palat wins face-off versus Drew Shore in Sasquatch zone.
9:08 of 3rd period - Snap shot by Ondrej Palat.
9:08 of 3rd period - Goal by Ondrej Palat - Staline : 2 - Sasquatch : 2.
9:09 of 3rd period - Lars Eller wins face-off versus Stephane Da Costa in neutral zone.
9:18 of 3rd period - Snap shot by Lars Eller.
9:18 of 3rd period - Stopped by Corey Crawford with a rebound.
9:22 of 3rd period - Wrist shot by Ondrej Palat.
9:22 of 3rd period - Deflect By Lars Eller.
9:22 of 3rd period - Shot Misses the Net.
9:22 of 3rd period - Puck is out of play.
9:23 of 3rd period - Stephane Da Costa wins face-off versus Lars Eller in Sasquatch zone.
9:44 of 3rd period - Minor Penalty to Stephane Da Costa for Tripping.
9:45 of 3rd period - Drew Shore wins face-off versus Lars Eller in Sasquatch zone.
9:45 of 3rd period - Drew Shore is hit by Lars Eller.
11:41 of 3rd period - Viktor Loov is hit by Jason Zucker and loses puck.
11:44 of 3rd period - Penalty to Stephane Da Costa is over, Stephane Da Costa is back on ice.
12:24 of 3rd period - Off-side.
12:25 of 3rd period - Danny Kristo wins face-off versus Drew Shore in neutral zone.
12:32 of 3rd period - Wrist shot by Jiri Sekac.
12:32 of 3rd period - Stopped by Corey Crawford with a rebound.
12:46 of 3rd period - Minor Penalty to Jason Zucker for Hooking.
12:47 of 3rd period - Lars Eller wins face-off versus Drew Shore in Sasquatch zone.
12:48 of 3rd period - Wrist shot by Ondrej Palat.
12:48 of 3rd period - Stopped by Corey Crawford without a rebound.
12:49 of 3rd period - Drew Shore wins face-off versus Lars Eller in Sasquatch zone.
12:56 of 3rd period - Slapshot by Garnet Hathaway.
12:56 of 3rd period - Stopped by Allen York with a rebound.
13:31 of 3rd period - Snap shot by Steven Goertzen.
13:31 of 3rd period - Stopped by Corey Crawford without a rebound.
13:32 of 3rd period - Drew Shore wins face-off versus David Desharnais in Sasquatch zone.
13:59 of 3rd period - Viktor Loov is hit by Teemu Hartikainen and loses puck.
14:31 of 3rd period - David Desharnais is hit by Sergey Kalinin and loses puck.
14:46 of 3rd period - Penalty to Jason Zucker is over, Jason Zucker is back on ice.
14:55 of 3rd period - Off-side.
14:56 of 3rd period - Stephane Da Costa wins face-off versus Bryan Bickell in neutral zone.
15:01 of 3rd period - Snap shot by Stephane Da Costa.
15:01 of 3rd period - Stopped by Allen York without a rebound.
15:02 of 3rd period - Rickard Rakell wins face-off versus Lars Eller in Staline zone.
15:13 of 3rd period - Slapshot by Garnet Hathaway.
15:13 of 3rd period - Stopped by Allen York with a rebound.
15:15 of 3rd period - Snap shot by Rickard Rakell.
15:15 of 3rd period - Stopped by Allen York with a rebound.
16:09 of 3rd period - Nick Leddy is hit by Philip Larsen and loses puck.
16:28 of 3rd period - Wrist shot by Stephane Da Costa.
16:28 of 3rd period - Shot Misses the Net.
16:32 of 3rd period - Snap shot by Stephane Da Costa.
16:32 of 3rd period - Stopped by Allen York with a rebound.
16:34 of 3rd period - Snap shot by Stephane Da Costa.
16:34 of 3rd period - Shot Misses the Net.
16:36 of 3rd period - Slapshot by Jonathan Blum.
16:36 of 3rd period - Stopped by Allen York without a rebound.
16:37 of 3rd period - Lars Eller wins face-off versus Rickard Rakell in Staline zone.
17:02 of 3rd period - Stu Bickel is hit by Tyler Randell and loses puck.
17:25 of 3rd period - Slapshot by Slava Voynov.
17:25 of 3rd period - Stopped by Allen York with a rebound.
17:27 of 3rd period - Slapshot by Slava Voynov.
17:27 of 3rd period - Shot Blocked by James Sheppard.
17:53 of 3rd period - Snap shot by Ondrej Palat.
17:53 of 3rd period - Shot Blocked by Ty Rattie.
18:00 of 3rd period - Icing by Yann Sauvé.
18:01 of 3rd period - Sergey Kalinin wins face-off versus David Desharnais in Sasquatch zone.
18:01 of 3rd period - Sergey Kalinin is hit by David Desharnais.
19:04 of 3rd period - Brandon Burlon is hit by Stephane Da Costa and loses puck.
19:23 of 3rd period - Snap shot by Stu Bickel.
19:23 of 3rd period - Stopped by Corey Crawford with a rebound.
19:37 of 3rd period - Slava Voynov is hit by Steven Goertzen and loses puck.
Goals for this period are 2 for Staline vs 0 for Sasquatch.
Shots for this period are 12 for Staline vs 16 for Sasquatch.
Overtime #1
0:01 of 1st overtime period - Steven Goertzen wins face-off versus Drew Shore in neutral zone.
0:12 of 1st overtime period - Wrist shot by Lars Eller.
0:12 of 1st overtime period - Deflect By Steven Goertzen.
0:12 of 1st overtime period - Stopped by Corey Crawford without a rebound.
0:13 of 1st overtime period - Drew Shore wins face-off versus Steven Goertzen in Sasquatch zone.
1:02 of 1st overtime period - Slapshot by Tyler Randell.
1:02 of 1st overtime period - Stopped by Allen York with a rebound.
1:42 of 1st overtime period - Slapshot by Stephane Da Costa.
1:42 of 1st overtime period - Stopped by Allen York without a rebound.
1:43 of 1st overtime period - Steven Goertzen wins face-off versus Teemu Hartikainen in Staline zone.
2:06 of 1st overtime period - Wrist shot by Tyler Pitlick.
2:06 of 1st overtime period - Shot Misses the Net.
2:08 of 1st overtime period - Slapshot by Stu Bickel.
2:08 of 1st overtime period - Stopped by Corey Crawford with a rebound.
2:32 of 1st overtime period - Slapshot by Jonathan Blum.
2:32 of 1st overtime period - Stopped by Allen York without a rebound.
2:33 of 1st overtime period - Peter Holland wins face-off versus Rickard Rakell in Staline zone.
2:38 of 1st overtime period - Slapshot by Philip Larsen.
2:38 of 1st overtime period - Deflect By Nick Leddy.
2:38 of 1st overtime period - Goal by Philip Larsen - Staline : 3 - Sasquatch : 2.
Goals for this period are 1 for Staline vs 0 for Sasquatch.
Shots for this period are 3 for Staline vs 3 for Sasquatch.
Back to the Top